 Dungeon Crawl Stone Soup version 0.19.0-11-g3fc08b3 (webtiles) character file.

1031 scurvy the Cudgeler (level 8, -2/68 HPs)
             Began as a Minotaur Fighter on Nov 8, 2016.
             Was a Believer of Okawaru.
             Killed from afar by an orc wizard (8 damage)
             ... with a puff of frost
             ... on level 6 of the Dungeon.
             The game lasted 00:53:58 (3817 turns).

scurvy the Cudgeler (Minotaur Fighter)              Turns: 3817, Time: 00:53:59

Health: -2/68      AC: 10    Str: 23    XL:     8   Next: 3%
Magic:  7/7        EV:  8    Int:  5    God:    Okawaru [**....]
Gold:   163        SH: 11    Dex: 13    Spells: 2 memorised, 3 levels left

rFire  . . .     SeeInvis .     H - +0 flail (crush)
rCold  . . .     Gourm    .     I - +0 chain mail
rNeg   . . .     Faith    +     c - +0 shield
rPois  .         Spirit   .     N - +0 hat
rElec  .         Reflect  .     (no cloak)
rCorr  .         Harm     .     (no gloves)
MR     .....     Rnd*Tele +     (no boots)
Stlth  ..........               J - amulet of faith
                                y - +3 ring of dexterity
                                e - ring of teleportation (curse)

@: lethally poisoned (-2 -> -13)
A: retaliatory headbutt, horns 2
a: Heroism, Renounce Religion


You were on level 6 of the Dungeon.
You worshipped Okawaru.
Okawaru was pleased with you.
You were not hungry.

You visited 1 branch of the dungeon, and saw 6 of its levels.
You also visited: Sewer.

You collected 163 gold pieces.

Inventory:

Hand Weapons
 a - a +0 flail
 n - a +0 whip
 r - a +0 short sword
 G - a +0 morningstar
 H - a +0 flail of crushing (weapon)
 Q - a +0 whip of distortion
 R - a +0 shortbow
Missiles
 g - 21 poisoned needles
 h - 8 javelins (quivered)
 k - 116 stones
 S - 27 arrows
Armour
 b - a +0 scale mail
 c - a +0 shield (worn)
 f - a +0 cloak
 t - a +0 robe
 F - a +1 cloak
 I - a +0 chain mail (worn)
 M - a +0 robe
 N - a +0 hat (worn)
Magical Staves
 U - an uncursed staff of fire {unknown}
Jewellery
 e - a cursed ring of teleportation (left hand)
 i - an uncursed ring of see invisible
 p - an uncursed ring of resist corrosion
 s - an uncursed ring of wizardry
 y - a +3 ring of dexterity (right hand)
 J - an amulet of faith (around neck)
Wands
 q - a wand of teleportation (5/9)
 x - a wand of paralysis (8/24)
 A - a wand of slowing (17/48)
 V - a wand of iceblast (8/15)
Scrolls
 u - a scroll of fog {unknown}
 v - a scroll of teleportation {unknown}
 w - a scroll of noise {unknown}
 B - 2 scrolls of enchant armour {unknown}
 C - 3 scrolls of recharging {unknown}
 E - 2 scrolls of immolation {unknown}
 L - a scroll of random uselessness {unknown}
Potions
 d - 2 potions of might
 j - a potion of haste
 l - 3 potions of lignification
 m - 2 potions of agility
 o - 4 potions of curing
 D - a potion of degeneration {unknown}
 K - a potion of ambrosia {unknown}
 O - a potion of flight {unknown}
 Z - a potion of magic {unknown}
Books
 z - a book of Changes

   Spells                             Type                      Level
   a - Beastly Appendage              Transmutation                1
   b - Sticks to Snakes               Transmutation                2
   c - Spider Form                    Transmutation/Poison         3
   d - Ice Form                       Ice/Transmutation            4
   e - Blade Hands                    Transmutation                5
 T - a book of Misfortune

   Spells                             Type                      Level
   a - Confusing Touch                Hexes                        1
   b - Confuse                        Hexes                        3
   c - Gell's Gravitas                Hexes/Translocation          3
   d - Petrify                        Transmutation/Earth          4
   e - Metabolic Englaciation         Hexes/Ice                    5
   f - Yara's Violent Unravelling     Hexes/Transmutation          5
Comestibles
 P - a beef jerky
 Y - 2 bread rations


   Skills:
 + Level 5.1 Fighting
 + Level 6.9 Maces & Flails
 + Level 5.9 Armour
 + Level 3.1 Dodging
 + Level 1.0 Stealth
 + Level 6.5 Shields


You had 3 spell levels left.
You knew the following spells:

 Your Spells              Type           Power        Failure   Level  Hunger
a - Confusing Touch       Hex            #.....       100%        1    ##.....
b - Spider Form           Tmut/Pois      #.........   100%        3    ####...


Dungeon Overview and Level Annotations

Branches:
Dungeon (6/15)
 Temple: D:4-7

Altars:
Cheibriados
Fedhas
Gozag
Nemelex Xobeh
Okawaru
Trog
Zin


Innate Abilities, Weirdness & Mutations

You reflexively headbutt those who attack you in melee.
You have a pair of horns on your head.


Message History

A magic dart appears from out of thin air!
The magic dart hits you! You block the orc's attack.
Something hits you but does no damage. Something hits you.
* * * LOW HITPOINT WARNING * * *
You closely miss the orc. You headbutt the orc!
You kill the orc!
Okawaru accepts your kill.
You feel sick. Something hits you but does no damage.
You are more poisoned.
Something hits you.
* * * LOW HITPOINT WARNING * * *
You feel sick.
You hear some strange, mumbled words.
A puff of flame appears from out of thin air!
The puff of flame hits you!
* * * LOW HITPOINT WARNING * * *
You hear some strange, mumbled words.
A puff of frost appears from out of thin air!
The puff of frost hits you!
You die...

#.. #.####### #
#.#....<#.#
########.#<......#.
.........#...........
.....:..............>#
######...............
###{...###########.#
#.).@....... .
..$....)...###.#
.........###
.....##### ..... ....
... ...


There were no monsters in sight!

Vanquished Creatures
  Grinder (D:3)
  A necrophage (D:5)
  An ogre (D:5)
  A centaur (D:4)
  A bullfrog (Sewer)
  3 scorpions
  An orc priest (D:6)
  A hound (D:5)
  An orc wizard (D:4)
  3 gnolls (D:3)
  11 adders
  A river rat (D:4)
  A shadow imp (D:5)
  An ooze (D:2)
  An adder zombie (D:5)
  A worm (D:3)
  4 dart slugs
  2 leopard geckos
  24 orcs
  11 ball pythons
  9 giant cockroaches
  4 goblins
  5 hobgoblins
  2 jackals (D:3)
  4 quokkas
  6 bats
  10 frilled lizards
  A jackal zombie (D:5)
  6 kobolds
  11 rats
129 creatures vanquished.

Notes
Turn   | Place    | Note
-------+----------+-------------------------------------------
     0 | D:1      | scurvy the Minotaur Fighter began the quest for the Orb.
     0 | D:1      | Reached XP level 1. HP: 19/19 MP: 0/0
   334 | D:1      | Reached XP level 2. HP: 27/27 MP: 1/1
   919 | D:2      | Reached XP level 3. HP: 27/33 MP: 2/2
  1184 | D:2      | Found a sparkling altar of Nemelex Xobeh.
  1233 | D:2      | Reached skill level 1 in Dodging
  1264 | D:2      | Reached XP level 4. HP: 38/40 MP: 3/3
  1465 | D:3      | Noticed Grinder
  1473 | D:3      | Killed Grinder
  1473 | D:3      | Reached XP level 5. HP: 41/47 MP: 4/4
  1473 | D:3      | Reached XP level 6. HP: 46/53 MP: 5/5
  1597 | D:3      | Reached skill level 5 in Maces & Flails
  1696 | D:3      | Found a snail-covered altar of Cheibriados.
  1842 | D:3      | Found an iron altar of Okawaru.
  1891 | D:3      | Became a worshipper of Warmaster Okawaru
  1908 | D:3      | Found a glowing silver altar of Zin.
  1908 | D:3      | Found an opulent altar of Gozag.
  2110 | D:3      | Reached skill level 5 in Shields
  2209 | D:4      | Reached skill level 1 in Stealth
  2280 | D:4      | Reached XP level 7. HP: 29/60 MP: 6/6
  2641 | D:4      | Reached skill level 5 in Armour
  2646 | D:4      | Found a glowing drain.
  2660 | Sewer    | Entered a sewer
  2859 | Sewer    | Reached * piety under Okawaru
  2883 | Sewer    | Learned a level 1 spell: Confusing Touch
  3131 | D:5      | Entered Level 5 of the Dungeon
  3322 | D:5      | Found a bloodstained altar of Trog.
  3503 | D:5      | Reached skill level 5 in Fighting
  3524 | D:5      | Learned a level 3 spell: Spider Form
  3681 | D:5      | Found a blossoming altar of Fedhas.
  3753 | D:5      | Reached ** piety under Okawaru
  3806 | D:6      | Reached XP level 8. HP: 35/68 MP: 7/7
  3817 | D:6      | Killed from afar by an orc wizard

Skill      XL: |  1  2  3  4  5  6  7 |
---------------+----------------------+-----
Armour         | 4 5 |  5.9
Shields        | 4 5 6 |  6.5
Maces & Flails | 3 4 5 6 |  6.9
Dodging        | 1 2 3 |  3.1
Fighting       | 4 5 |  5.1
Stealth        | 1 |  1.0

Action                   |  1- 3 |  4- 6 |  7- 9 || total
-------------------------+-------+-------+-------++-------
Melee: Flail             |    81 |    95 |   140 ||   316
       Headbutt          |    12 |    21 |    27 ||    60
       Morningstar       |       |    12 |       ||    12
  Use: Scroll            |     6 |       |       ||     6
       Potion            |       |       |     5 ||     5
  Eat: Bread ration      |       |     1 |     1 ||     2
       Meat ration       |       |       |     1 ||     1
Armor: Scale mail        |    41 |    18 |       ||    59
       Chain mail        |       |    42 |    72 ||   114
Dodge: Dodged            |    25 |    48 |    42 ||   115
Block: Shield            |    52 |   101 |    87 ||   240
